 Dungeon Crawl Stone Soup version 0.30.0-17-ge0270778cf (webtiles) character file.

Game seed: 4100568284033584530

22 croobank the Insei (level 2, 0/23 HPs)
             Began as a Gnoll Transmuter on May 22, 2023.
             Slain by a gnoll
             ... wielding a +0 whip
              (7 damage)
             ... on level 2 of the Dungeon.
             The game lasted 00:01:53 (997 turns).

croobank the Insei (Gnoll Transmuter)                Turns: 997, Time: 00:01:54

Health: 0/23       AC:  2    Str:  9    XL:     2   Next: 91%
Magic:  3/7        EV: 13    Int: 12    God:
Gold:   53         SH:  0    Dex: 12    Spells: 7/10 levels left

rFire   . . .        d - +0 hand axe
rCold   . . .        (no shield)
rNeg    . . .        a - +0 robe
rPois   .            h - melded +0 helmet
rElec   .            (no cloak)
rCorr   .            (no gloves)
SInv    .            (boots currently unavailable)
Will    .....        (no amulet)
Stlth   +            (no ring)
HPRegen 0.23/turn    (no ring)
MPRegen 0.10/turn

%: no passive effects
@: appendages, wereblooded
A: horns 2, talons 2, fangs 1, strong nose, distributed training
a: End Transformation


You were on level 2 of the Dungeon.
You had temporarily grown beastly horns and talons.
You visited 1 branch of the dungeon, and saw 2 of its levels.

You collected 53 gold pieces.

Inventory:

Hand Weapons
 d - a +0 hand axe (weapon)
 f - a +0 spear
 i - a +0 short sword
Missiles
 c - 5 poisoned darts
 k - 3 boomerangs of dispersal
Armour
 a - a +0 robe (worn)
 h - a +0 helmet (melded)
Scrolls
 g - a scroll of magic mapping {unknown}
 l - a scroll of teleportation {unknown}
 n - a scroll of enchant weapon {unknown}
Potions
 b - a potion of lignification
 e - 3 potions of attraction {unknown}
 j - a potion of curing {unknown}
 m - 2 potions of cancellation {unknown}


   Skills:
 + Level 2.5 Fighting
 + Level 0.5 Short Blades
 + Level 0.5 Long Blades
 + Level 0.5 Axes
 + Level 0.5 Maces & Flails
 + Level 0.5 Polearms
 + Level 0.5 Staves
 + Level 0.5 Ranged Weapons
 + Level 0.5 Throwing
 + Level 0.5 Armour
 + Level 4.5 Dodging
 + Level 0.5 Stealth
 + Level 0.5 Shields
 + Level 6.5 Unarmed Combat
 + Level 4.9 Spellcasting
 + Level 0.4 Conjurations
 + Level 0.4 Hexes
 + Level 0.4 Summonings
 + Level 0.4 Necromancy
 + Level 0.4 Translocations
 + Level 3.7 Transmutations
 + Level 0.4 Fire Magic
 + Level 0.4 Ice Magic
 + Level 0.4 Air Magic
 + Level 0.4 Earth Magic
 + Level 0.4 Poison Magic
 + Level 0.7 Invocations
 + Level 0.5 Evocations


You had 7 spell levels left.
You knew the following spells:

 Your Spells              Type           Power      Damage    Failure   Level
a - Beastly Appendage     Tmut           22%        N/A       4%          1
b - Wereblood             Tmut           11%        N/A       7%          2

Your spell library contained the following spells:

 Spells                   Type           Power      Damage    Failure   Level
 Spider Form              Tmut/Pois      7%         N/A       26%         3
 Ice Form                 Ice/Tmut       7%         N/A       65%         4


Dungeon Overview and Level Annotations

Branches:
Dungeon (2/15)

Altars:


Innate Abilities, Weirdness & Mutations

You have temporarily grown beastly horns and talons.
You have very sharp teeth.
Your uncanny sense of smell can sniff out nearby items.
Your experience applies equally to all skills.


Message History

The giant cockroach bites you.
The giant cockroach bites you but does no damage.
You hit the giant cockroach.
You feel a bit better.
You kill the giant cockroach!
You howl as the wereblood boils in your veins!
You now have 53 gold pieces (gained 6).
n - a scroll labelled RANASSERUE Your transformation is almost over.
Your primal bloodlust is almost over.
Your primal bloodlust has ended.
Your horns disappear.
Your talons disappear.
Your +0 helmet unmelds from your body.
Found a leather armour.
A gnoll comes into view. It is wielding a +0 whip.
Found a hand axe.
Casting: Wereblood (safe; 7% risk of failure)
Confirm with . or Enter, or press ? or * to list all spells.
You grow a pair of large bovine horns.
Your feet morph into talons.
Your +0 helmet melds into your body.
Casting: Beastly Appendage (safe; 4% risk of failure)
Confirm with . or Enter, or press ? or * to list all spells.
Your blood is infused with primal strength.
The gnoll shouts!
Casting: Wereblood (safe; 7% risk of failure)
Confirm with . or Enter, or press ? or * to list all spells.
Your blood is freshly infused with primal strength!
The gnoll barely misses you.
A gnoll comes into view. It is wielding a +0 halberd.
You barely miss the gnoll.
The gnoll shouts!
The gnoll barely misses you. The gnoll closely misses you.
You hit the gnoll. You punch the gnoll, but do no damage.
The gnoll is moderately wounded.
The gnoll hits you with a +0 whip.
The gnoll hits you from afar with a +0 halberd!
Ouch! That really hurt!
You closely miss the gnoll.
The gnoll is moderately wounded.
The gnoll hits you with a +0 whip!
You die...

## #. #g #) # #. #.
#.###g#####
#####.....g@..# .#.
..##.###.###.# #..
#.##.# #.# #.#
#>###.##.# #.# #.#
#........###.###.#
##.........##.##..#
##...##.##..##.#...####
......................+
##..†...##.........####


You could see 2 gnolls.

Vanquished Creatures
  A dart slug (D:1)
  2 endoplasms (D:1)
  5 giant cockroaches
  A hobgoblin (D:1)
  5 frilled lizards (D:1)
  2 kobolds (D:1)
  4 rats (D:1)
20 creatures vanquished.

Notes
Turn   | Place    | Note
-------+----------+-------------------------------------------
     0 | D:1      | croobank the Gnoll Transmuter began the quest for the Orb.
     0 | D:1      | Reached XP level 1. HP: 17/17 MP: 6/6
    78 | D:1      | Reached XP level 2. HP: 23/23 MP: 5/7
    81 | D:1      | Learned a level 2 spell: Wereblood
   997 | D:2      | Slain by a gnoll

Illustrated notes

Levels and vault maps discovered:
D:1:      minmay_arrival_open_corners, layout_loops_ring
D:2:      layout_loops_corners, basic_altar

Action                     || total
---------------------------++-------
  Melee: Hand axe          ||    33
         Kick              ||     8
         Headbutt          ||     4
         Unarmed           ||     1
         Bite              ||     2
         Punch             ||     1
   Cast: Beastly Appendage ||    17
         Wereblood         ||    13
   Stab: Sleeping          ||     1
 Armour: Robe              ||     2
  Dodge: Dodged            ||    15
